 Dungeon Sprint DCSS version 0.21.1-1-g345015fe64 (webtiles) character file.

4700000 Danqa the Conqueror (level 27, -48/199 HPs)
             Began as a Gargoyle Warper on May 4, 2018.
             Was the Champion of Makhleb.
             Annihilated by a sculptor of flesh
             ... wielding a +9 great sword
              (203 damage)
             ... in the Dungeon (Sprint VIII: "Arena of Blood").
             The game lasted 00:05:59 (47 turns).

Danqa the Conqueror (Gargoyle Warper)                 Turns: 47, Time: 00:05:59

Health: -48/199    AC: 27    Str: 25    XL:     27
Magic:  14/54      EV: 25    Int: 17    God:    Makhleb [******]
Gold:   0          SH:  0    Dex:  9    Spells: 80/80 levels left

rFire    . . .     SeeInvis .   l - +∞ Axe of Woe
rCold    . . .     Gourm    .   (shield currently unavailable)
rNeg     + . .     Faith    .   b - +0 leather armour
rPois    ∞         Spirit   .   (no helmet)
rElec    +         Reflect  .   (no cloak)
rCorr    .         Harm     .   (no gloves)
MR       ++...     NoTele   +   (no boots)
Stlth    +++++++++.             (no amulet)
HPRegen  0.43/turn              m - +30 ring of slaying
MPRegen  0.34/turn              n - +30 ring of slaying

@: very slightly contaminated
A: big wings, negative energy resistance 1, electricity resistance, unbreathing,
petrification resistance, rot immunity, AC +20
a: Fly, Minor Destruction, Lesser Servant of Makhleb, Major Destruction, Greater
Servant of Makhleb, Renounce Religion


You were in the Dungeon.
You worshipped Makhleb.
Makhleb was exalted by your worship.
You were not hungry.

You visited 1 branch

Inventory:

Hand Weapons
 a - a +0 hand axe
 l - the +∞ Axe of Woe (weapon)
   (You found it in the Dungeon)
Missiles
 e - 5 tomahawks of dispersal (quivered)
Armour
 b - a +0 leather armour (worn)
Jewellery
 m - a +30 ring of slaying (left hand)
 n - a +30 ring of slaying (right hand)
Scrolls
 d - a scroll of blinking
Potions
 g - a potion of curing
 h - a potion of heal wounds
 i - a potion of haste
 j - 2 potions of magic
 k - a potion of berserk rage
Books
 c - a book of Spatial Translocations

   Spells                             Type                      Level
   a - Blink                          Translocation                2
   b - Shroud of Golubria             Charms/Translocation         2
   c - Lesser Beckoning               Translocation                3
   d - Gell's Gravitas                Translocation                3
   e - Teleport Other                 Translocation                3
   f - Passage of Golubria            Translocation                4
Comestibles
 f - a ration


   Skills:
 O Level 27 Fighting
 O Level 27 Axes
 O Level 27 Throwing
 O Level 27 Armour
 O Level 27 Dodging
 O Level 27 Stealth
 O Level 27 Unarmed Combat
 O Level 27 Spellcasting
   Level 2.6 Translocations
 O Level 27 Invocations


You had 80 spell levels left.
You didn't know any spells.

Dungeon Overview and Level Annotations

Branches:
Dungeon (1/1)

Altars:
Makhleb


Innate Abilities, Weirdness & Mutations

You are resistant to torment.
Your stone body is resilient. (AC +20)
You are immune to poison.
Your large and strong wings let you fly indefinitely.
You resist negative energy. (rN+)
You are resistant to electric shocks. (rElec)
You can survive without breathing.
You are immune to petrification.
You are immune to rotting.


Message History

The destroyer is engulfed in blazing flames.
The destroyer blinks!
You hear a shout! x2
The crawling corpse is engulfed in blazing flames.
The crawling corpse is destroyed!
A crawling corpse merges with a large abomination.
The bag of meat hits you with a +9 war axe!!
Your balrug hits the small abomination but does no damage.
The tyrant appears out of thin air!
A tyrant comes into view.
The small abomination completely misses you.
The small abomination hits your balrug!
A sculptor of flesh comes into view. It is wielding a +9 great sword.
Unknown command.
A demon appears!
You hear a shout!
The small abomination misses you.
The sculptor of flesh hits you with a +9 great sword!!!!!
Ouch! That really hurt!
You die...

......_...........
#....)#.......#.#.....
#_.<)_#.........%. ...
.#....)#).....#.#.#....
......_..................
......###....x....#.#.#..#
.###.......###2.........#.
#......O#2.zx§§)).....#
#.O.....#.)@xoox)....#
..o.z.V....oXX)§)....%.
...........2#§..#......
...........#§§V.#.....#
........##...o.# ..o.#
L...#......#o...##.
....#...###....#. ... ....
..#.... .. ..


You could see a tyrant, 2 destroyers, 2 sculptors of flesh, 2 large
abominations, 4 small abominations, 5 bags of meat, a friendly balrug, a
friendly green death and a friendly blizzard demon.

Vanquished Creatures
  8 vampire knights (D)
  21 ogres (D)
  4 two-headed ogres (D)
  38 orcs (D)
  A skeletal warrior (D)
  3 small abominations (D)
  3 large abominations (D)
78 creatures vanquished.

Vanquished Creatures (others)
  2 crawling corpses (D)
2 creatures vanquished.

Grand Total: 80 creatures vanquished

Notes
Turn   | Place    | Note
-------+----------+-------------------------------------------
     0 | D        | Found the +∞ Axe of Woe
     0 | D        | Danqa the Gargoyle Warper began the quest for the Orb.
     0 | D        | Reached XP level 1. HP: 12/12 MP: 3/3
     2 | D        | Noticed a meat berserker
     4 | D        | Noticed a bag of meat
     4 | D        | Noticed a bag of meat
     4 | D        | Became a worshipper of Makhleb the Destroyer
     5 | D        | Killed a meat berserker
     5 | D        | Reached skill level 5 in Throwing
     5 | D        | Reached XP level 2. HP: 36/36 MP: 3/20
     5 | D        | Reached XP level 3. HP: 41/41 MP: 3/21
     5 | D        | Reached XP level 4. HP: 47/47 MP: 3/23
     5 | D        | Reached XP level 5. HP: 52/52 MP: 3/24
     5 | D        | Reached XP level 6. HP: 58/58 MP: 3/26
     5 | D        | Reached XP level 7. HP: 63/63 MP: 3/27
     5 | D        | Reached XP level 8. HP: 68/68 MP: 3/29
     5 | D        | Reached XP level 9. HP: 73/73 MP: 3/30
     5 | D        | Reached XP level 10. HP: 80/80 MP: 3/31
     5 | D        | Reached XP level 11. HP: 84/84 MP: 3/32
     5 | D        | Reached XP level 12. HP: 90/90 MP: 3/33
     5 | D        | Reached XP level 13. HP: 95/95 MP: 3/34
     6 | D        | Noticed a bag of meat
     7 | D        | Noticed a meat berserker
     9 | D        | Killed a bag of meat
     9 | D        | Reached * piety under Makhleb
     9 | D        | Reached skill level 15 in Axes
     9 | D        | Gained mutation: Your large and strong wings let you fly indefinitely. [Gargoyle growth]
     9 | D        | Reached XP level 14. HP: 104/104 MP: 4/36
     9 | D        | Killed a bag of meat
     9 | D        | Reached skill level 15 in Dodging
    10 | D        | Noticed a meat berserker
    10 | D        | Killed a meat berserker
    10 | D        | Reached XP level 15. HP: 115/115 MP: 4/40
    11 | D        | Killed a meat berserker
    11 | D        | Reached ** piety under Makhleb
    11 | D        | Reached skill level 10 in Armour
    11 | D        | Reached XP level 16. HP: 98/125 MP: 4/43
    15 | D        | Noticed a meat berserker
    15 | D        | Noticed a meat berserker
    15 | D        | Noticed a meat berserker
    16 | D        | Noticed a meat berserker
    16 | D        | Noticed a meat berserker
    16 | D        | Killed a meat berserker
    16 | D        | Reached XP level 17. HP: 135/135 MP: 6/45
    17 | D        | Noticed a meat berserker
    18 | D        | Noticed a meat berserker
    18 | D        | Noticed a meat berserker
    18 | D        | Noticed a meat berserker
    18 | D        | Noticed a meat berserker
    18 | D        | Noticed a meat berserker
    19 | D        | Noticed a large bag of meat
    19 | D        | Noticed a large bag of meat
    19 | D        | Noticed a meat berserker
    19 | D        | Reached *** piety under Makhleb
    19 | D        | Reached XP level 18. HP: 144/144 MP: 7/47
    20 | D        | Noticed a meat berserker
    20 | D        | Killed a meat berserker
    20 | D        | Reached skill level 27 in Fighting
    20 | D        | Reached skill level 27 in Spellcasting
    20 | D        | Reached **** piety under Makhleb
    20 | D        | Noticed a large bag of meat
    21 | D        | Noticed a destroyer
    21 | D        | Noticed a destroyer
    21 | D        | Noticed a meat berserker
    21 | D        | Killed a meat berserker
    21 | D        | Reached skill level 27 in Axes
    21 | D        | Reached XP level 19. HP: 151/151 MP: 7/50
    21 | D        | Killed a meat berserker
    21 | D        | Reached skill level 15 in Throwing
    21 | D        | Reached skill level 27 in Dodging
    21 | D        | Reached ***** piety under Makhleb
    21 | D        | Reached XP level 20. HP: 157/157 MP: 7/51
    22 | D        | Killed a meat berserker
    22 | D        | Reached skill level 27 in Armour
    22 | D        | Killed a meat berserker
    22 | D        | Reached skill level 27 in Throwing
    22 | D        | Reached XP level 21. HP: 163/163 MP: 7/52
    23 | D        | Reached skill level 10 in Unarmed Combat
    23 | D        | Reached skill level 10 in Invocations
    23 | D        | Killed a meat berserker
    23 | D        | Reached skill level 15 in Unarmed Combat
    23 | D        | Killed a meat berserker
    23 | D        | Reached XP level 22. HP: 169/169 MP: 8/53
    25 | D        | Reached ****** piety under Makhleb
    25 | D        | Reached skill level 27 in Stealth
    25 | D        | Killed a large bag of meat
    25 | D        | Reached skill level 27 in Unarmed Combat
    25 | D        | Reached skill level 27 in Invocations
    25 | D        | Reached XP level 23. HP: 175/175 MP: 8/54
    27 | D        | Reached XP level 24. HP: 181/181 MP: 9/54
    27 | D        | Killed a large bag of meat
    29 | D        | Noticed a destroyer
    29 | D        | Reached XP level 25. HP: 125/187 MP: 9/54
    29 | D        | Reached XP level 26. HP: 193/193 MP: 9/54
    32 | D        | Noticed a destroyer
    32 | D        | Killed a destroyer
    32 | D        | Killed a large bag of meat
    32 | D        | Reached XP level 27. HP: 186/199 MP: 10/54
    33 | D        | Noticed a destroyer
    33 | D        | Noticed a destroyer
    36 | D        | Noticed a large bag of meat
    36 | D        | Noticed a destroyer
    37 | D        | HP: 5/199 [meat berserker/+9 battleaxe (41)]
    38 | D        | Noticed a destroyer
    38 | D        | Killed a destroyer
    40 | D        | Killed a destroyer
    40 | D        | Killed a destroyer
    41 | D        | Noticed a destroyer
    43 | D        | Killed a large bag of meat
    43 | D        | Killed a destroyer
    44 | D        | Noticed a destroyer
    45 | D        | Killed a destroyer
    45 | D        | Killed a destroyer
    45 | D        | Killed a destroyer
    47 | D        | Noticed a tyrant
    47 | D        | Annihilated by a sculptor of flesh

Skill      XL: |  1  2  3  4  5  6  7  8  9 10 11 12 13 14 15 16 17 18 19 20 21 22 |
---------------+-------------------------------------------------------------------+-----
Fighting       | 16 18 21 23 25 26 27 | 27.0
Axes           | 14 15 18 20 22 23 27 | 27.0
Throwing       | 5 6 7 8 11 16 27 | 27.0
Armour         | 6 7 9 10 11 12 16 24 27 | 27.0
Dodging        | 13 14 16 18 19 20 25 27 | 27.0
Spellcasting   | 17 18 21 23 24 25 27 | 27.0
Stealth        | 21 27 | 27.0
Unarmed Combat | 18 27 | 27.0
Invocations    | 19 27 | 27.0
Translocations | |  2.6

Action                   |  1- 3 |  4- 6 |  7- 9 | 10-12 | 13-15 | 16-18 | 19-21 | 22-24 | 25-27 || total
-------------------------+-------+-------+-------+-------+-------+-------+-------+-------+-------++-------
Melee: Executioner's axe |     1 |       |       |       |     3 |     5 |     2 |     3 |    10 ||    24
Invok: Greater Servant o |       |       |       |       |       |       |       |       |     4 ||     4
  Use: Scroll            |       |       |       |       |       |     1 |       |       |       ||     1
 Stab: Distracted        |       |       |       |       |       |       |       |       |     2 ||     2
Dodge: Dodged            |       |       |       |       |       |       |       |     4 |     6 ||    10
